 Dungeon Crawl Stone Soup version 0.18.1-50-g88ac8fd (webtiles) character file.

90 simples the Chopper (level 4, -30/41 HPs)
             Began as a Hill Orc Fighter on Oct 6, 2016.
             Killed from afar by a jackal (41 damage)
             ... with an exploding inner flame
             ... hexed by the player character
             ... on level 2 of the Dungeon.
             The game lasted 00:03:29 (2447 turns).

simples the Chopper (Hill Orc Fighter)              Turns: 2447, Time: 00:03:29

Health: -30/41     AC:  9    Str: 24    XL:     4   Next: 56%
Magic:  4/4        EV:  9    Int:  8    God:
Gold:   87         SH:  0    Dex: 10    Spells: 0 memorised, 3 levels left

rFire  . . .     SeeInvis .     a - +0 war axe
rCold  . . .     Gourm    .     b - +0 scale mail
rNeg   . . .     Faith    .     (no shield)
rPois  .         Spirit   .     (no helmet)
rElec  .         Dismiss  .     o - +1 cloak
rCorr  .         Reflect  .     (no gloves)
SustAt .         Harm     .     (no boots)
MR     .....                    n - amulet of inaccuracy (curse)
Stlth  ..........               (no ring)
                                (no ring)

@: mighty, not resistant to hostile enchantments, extremely unstealthy
A: no striking features
a: no special abilities


You were on level 2 of the Dungeon.
You were not hungry.

You visited 1 branch of the dungeon, and saw 2 of its levels.

You collected 87 gold pieces.

Inventory:

Hand Weapons
 a - a +0 war axe (weapon)
 c - a +0 whip
Armour
 b - a +0 scale mail (worn)
 o - a +1 cloak (worn)
Jewellery
 n - a cursed amulet of inaccuracy (around neck)
Wands
 l - a wand of paralysis (10/24)
Scrolls
 e - 2 scrolls of noise
 h - a scroll of teleportation {unknown}
 j - a scroll of identify {unknown}
 p - a scroll of random uselessness {unknown}
 r - a scroll of immolation
 s - a scroll of fear {unknown}
 t - a scroll of blinking {unknown}
 v - a scroll of fog {unknown}
 w - a scroll of remove curse {unknown}
Potions
 g - a potion of curing {unknown}
 i - a potion of berserk rage {unknown}
 m - a potion of lignification {unknown}
Comestibles
 f - a bread ration
 k - a slice of pizza
 q - a meat ration
 u - a chunk of flesh


   Skills:
 + Level 4.3 Fighting
 * Level 4.8 Axes
 + Level 4.0 Armour
   Level 3.2 Shields


You had 3 spell levels left.
You didn't know any spells.

Dungeon Overview and Level Annotations

Branches:
Dungeon (2/15)

Altars:
Nemelex Xobeh

Annotations:
D:1 exclusions: downstairs and 1 more exclusion
D:2 Terence


Message History

The creatures around you are filled with an inner flame!
It was a scroll of immolation.
The jackal closely misses you. Something completely misses you.
The jackal closely misses you. x2
Read which item? (? for menu, Esc to quit)
Okay, then.
Drink which item? (? for menu, Esc to quit)
You feel very mighty all of a sudden. The jackal barely misses you.
The goblin barely misses you. Something hits you.
The jackal bites you but does no damage. x2
The jackal bites you.
* * * LOW HITPOINT WARNING * * *
You closely miss the jackal.
The jackal is moderately wounded.
You slice the goblin!!
The goblin explodes!
The fiery explosion engulfs something.
The fiery explosion engulfs the jackal.
The jackal explodes!
The fiery explosion engulfs you!
Ouch! That really hurt!
You die...

#.## #.#### ##.#...
#...... #########......
#)......#......
######....(..(......
###...((......(.......
###≈≈§§@§≈((...(.#......
#≈≈≈≈.§§§≈≈≈.(...#......
#≈≈≈##§§h##≈≈≈≈≈≈.#######
#≈≈ #.....#≈≈≈≈≈≈≈# #.
#.....#gK...≈≈≈#
#.....#......≈≈#
#.....##'##..≈≈#
#.....#...#..≈≈#
#.....#.. #..≈≈#


You could see a jackal (inner flame).

Vanquished Creatures
  3 adders (D:2)
  2 worms (D:2)
  2 dart slugs (D:2)
  2 giant geckos (D:1)
  3 giant cockroaches
  7 goblins
  3 hobgoblins (D:1)
  12 jackals
  3 bats
  A giant newt (D:2)
  5 kobolds
  5 rats (D:2)
48 creatures vanquished.

Notes
Turn   | Place    | Note
--------------------------------------------------------------
     0 | D:1      | simples the Hill Orc Fighter began the quest for the Orb.
     0 | D:1      | Reached XP level 1. HP: 19/19 MP: 1/1
   297 | D:1      | Reached XP level 2. HP: 27/27 MP: 2/2
   736 | D:1      | Found a sparkling altar of Nemelex Xobeh.
   844 | D:1      | Reached XP level 3. HP: 33/33 MP: 3/3
  1127 | D:2      | Noticed Terence
  1659 | D:2      | Reached XP level 4. HP: 40/40 MP: 4/4
  2447 | D:2      | Killed from afar by a jackal

Skill      XL: |  1  2  3  4 |
---------------+-------------+-----
Axes           | 3 4 |  4.8
Fighting       | 4 |  4.3
Armour         | 4 |  4.0
Shields        | |  3.2

Action                   |  1- 3 |  4- 6 || total
-------------------------+-------+-------++-------
Melee: War axe           |   139 |    85 ||   224
  Use: Scroll            |     1 |     1 ||     2
       Potion            |       |     1 ||     1
  Eat: Chunk             |     2 |     3 ||     5
Armor: Scale mail        |    85 |   104 ||   189
Dodge: Dodged            |    89 |    90 ||   179
